| TOP OF THE 1ST |
|
Windy City ThunderBolts batting - Pitching for Trois-Riveres Aigles : RHP Jaylin Green
|
|
Pitching: RHP Jaylin Green
|
|
|
Batting: RHB Josiah Wright
|
0-0: Called Strike 0-1: Ball 1-1: Ball 2-1: Foul Ball, location: 2F 2-2: Ground out 2-3 (Groundball, 2L, EV 68.8 MPH)
|
|
Batting: LHB Matt Hyde
|
0-0: Ball 1-0: Ball 2-0: Called Strike 2-1: Ball 3-1: Foul Ball, location: 2F 3-2: Foul Ball, location: 2F 3-2: Foul Ball, location: 2F 3-2: Foul Ball, location: 2F 3-2: SINGLE (Line Drive, 7LS, EV 105.6 MPH)
|
|
Batting: LHB Larry Myers
|
0-0: Called Strike 0-1: Foul Ball, location: 2F 0-2: Ball 1-2: Fly out, F7 (Line Drive, 7, EV 89.4 MPH)
|
|
Batting: LHB Herkko Haavikko
|
0-0: Called Strike Matt Hyde steals 2nd base 0-1: Ground out 4-3 (Groundball, 4, EV 105.6 MPH)
|
| Top of the 1st over - 0 runs, 1 hit, 0 errors, 1 left on base; Windy City 0 - Trois-Riveres 0 |
| BOTTOM OF THE 1ST |
|
Trois-Riveres Aigles batting - Pitching for Windy City ThunderBolts : LHP Marty de la Rosa
|
|
Pitching: LHP Marty de la Rosa
|
|
|
Batting: LHB Jonathan Spino
|
0-0: Called Strike 0-1: Called Strike 0-2: Ball 1-2: Ball 2-2: Strikes out swinging
|
|
Batting: LHB Harris Vink
|
0-0: Ball 1-0: Called Strike 1-1: Ball 2-1: Ground out 4-3 (Groundball, 4, EV 90.0 MPH)
|
|
Batting: RHB Sesto Carpini
|
0-0: Ball 1-0: Ball 2-0: Ball 3-0: Called Strike 3-1: DOUBLE (Flyball, 78XD, EV 113.1 MPH)
|
|
Batting: LHB Darryl Gonnella
|
0-0: Ground out 6-3 (Groundball, 6MS, EV 82.5 MPH)
|
| Bottom of the 1st over - 0 runs, 1 hit, 0 errors, 1 left on base; Windy City 0 - Trois-Riveres 0 |
| TOP OF THE 2ND |
|
Windy City ThunderBolts batting - Pitching for Trois-Riveres Aigles : RHP Jaylin Green
|
|
Batting: RHB Mike Rosa
|
0-0: Called Strike 0-1: Foul Ball, location: 2F 0-2: Foul Ball, location: 2F 0-2: Strikes out swinging
|
|
Batting: LHB Justin Stickney
|
0-0: Ball 1-0: Swinging Strike 1-1: SINGLE (Groundball, 34D, EV 102.5 MPH)
|
|
Batting: LHB Eddie Reyes
|
0-0: Called Strike 0-1: Ball 1-1: Called Strike 1-2: Ball 2-2: Ball 3-2: Fly out, F9 (Line Drive, 9S, EV 103.8 MPH)
|
|
Batting: RHB Vladmiri Nugaibekov
|
0-0: DOUBLE (Line Drive, 89XD, EV 99.4 MPH) Justin Stickney to third Runner from 3rd tries for Home, throw by RF and OUT! 9-4-2
|
| Top of the 2nd over - 0 runs, 2 hits, 0 errors, 1 left on base; Windy City 0 - Trois-Riveres 0 |
| BOTTOM OF THE 2ND |
|
Trois-Riveres Aigles batting - Pitching for Windy City ThunderBolts : LHP Marty de la Rosa
|
|
Batting: RHB Jose Arriola
|
0-0: Called Strike 0-1: Ball 1-1: Ball 2-1: Ball 3-1: Base on Balls
|
|
Batting: SHB Joshua Jackson
|
0-0: Ball 1-0: Ball 2-0: Called Strike 2-1: Called Strike 2-2: Foul Ball, location: 2F 2-2: Ball 3-2: SINGLE (Groundball, 6MD, EV 100.6 MPH) Jose Arriola to second Runner from 2nd tries for 3rd, SAFE, throw by CF made to third
|
|
Batting: RHB Nelle Lommen
|
0-0: Ball 1-0: Ball 2-0: Fly out, F9 (Flyball, 9D, EV 106.3 MPH) Runner from 3rd tags up, OUT at HOME! 9-2 Joshua Jackson to second
|
|
Batting: RHB Jason Penfield
|
0-0: Ball 1-0: Foul Ball, location: 2F 1-1: Ball 2-1: Swinging Strike 2-2: Strikes out looking
|
| Bottom of the 2nd over - 0 runs, 1 hit, 0 errors, 1 left on base; Windy City 0 - Trois-Riveres 0 |
| TOP OF THE 3RD |
|
Windy City ThunderBolts batting - Pitching for Trois-Riveres Aigles : RHP Jaylin Green
|
|
Batting: SHB Alfie Bungledorf
|
0-0: Called Strike 0-1: Fly out, F8 (Flyball, 8RD, EV 93.1 MPH)
|
|
Batting: RHB Josiah Wright
|
0-0: Ball 1-0: Ball 2-0: Ball 3-0: Base on Balls
|
|
Batting: LHB Matt Hyde
|
0-0: Foul Ball, location: 2F 0-1: Swinging Strike 0-2: Ball 1-2: Ball 2-2: Ball 3-2: Base on Balls Josiah Wright to second
|
|
Batting: LHB Larry Myers
|
0-0: Ball 1-0: Ball 2-0: Called Strike 2-1: Swinging Strike 2-2: Strikes out swinging
|
|
Batting: LHB Herkko Haavikko
|
0-0: Ball 1-0: Fly out, F8 (Flyball, 8LXD, EV 108.1 MPH)
|
| Top of the 3rd over - 0 runs, 0 hits, 0 errors, 2 left on base; Windy City 0 - Trois-Riveres 0 |
| BOTTOM OF THE 3RD |
|
Trois-Riveres Aigles batting - Pitching for Windy City ThunderBolts : LHP Marty de la Rosa
|
|
Batting: RHB Josh Harmon
|
0-0: Fly out, F6 (Line Drive, 6, EV 75.0 MPH)
|
|
Batting: LHB Jonathan Spino
|
0-0: Fly out, F6 (Popup, 6S, EV 74.4 MPH)
|
|
Batting: LHB Harris Vink
|
0-0: Called Strike 0-1: Foul Ball, location: 2F 0-2: Ball 1-2: Strikes out looking
|
| Bottom of the 3rd over - 0 runs, 0 hits, 0 errors, 0 left on base; Windy City 0 - Trois-Riveres 0 |
| TOP OF THE 4TH |
|
Windy City ThunderBolts batting - Pitching for Trois-Riveres Aigles : RHP Jaylin Green
|
|
Batting: RHB Mike Rosa
|
0-0: Ball 1-0: Called Strike 1-1: Ball 2-1: Ball 3-1: Foul Ball, location: 2F 3-2: Base on Balls
|
|
Batting: LHB Justin Stickney
|
0-0: Ball Mike Rosa is caught stealing 2nd base 2-6 1-0: Ball 2-0: Ball 3-0: Base on Balls
|
|
Batting: LHB Eddie Reyes
|
0-0: Ball 1-0: Ball 2-0: Foul Ball, location: 2F 2-1: Ball 3-1: Base on Balls Justin Stickney to second
|
|
Batting: RHB Vladmiri Nugaibekov
|
0-0: Ball 1-0: Called Strike 1-1: Fly out, F7 (Line Drive, 7, EV 88.8 MPH)
|
|
Batting: SHB Alfie Bungledorf
|
0-0: Foul Ball, location: 2F 0-1: Called Strike 0-2: Ground out U3 (Groundball, 34, EV 103.8 MPH)
|
| Top of the 4th over - 0 runs, 0 hits, 0 errors, 2 left on base; Windy City 0 - Trois-Riveres 0 |
| BOTTOM OF THE 4TH |
|
Trois-Riveres Aigles batting - Pitching for Windy City ThunderBolts : LHP Marty de la Rosa
|
|
Batting: RHB Sesto Carpini
|
0-0: Ground out 5-3 (Groundball, 56, EV 102.5 MPH)
|
|
Batting: LHB Darryl Gonnella
|
0-0: Ball 1-0: SINGLE (Groundball, 34D, EV 103.8 MPH)
|
|
Batting: RHB Jose Arriola
|
0-0: DOUBLE (Flyball, 8RD, EV 88.8 MPH) Darryl Gonnella to third
|
|
Batting: SHB Joshua Jackson
|
0-0: Called Strike 0-1: Swinging Strike 0-2: Ball 1-2: Strikes out swinging
|
|
Batting: RHB Nelle Lommen
|
0-0: Ground out U3 (Groundball, 3S, EV 65.0 MPH)
|
| Bottom of the 4th over - 0 runs, 2 hits, 0 errors, 2 left on base; Windy City 0 - Trois-Riveres 0 |
| TOP OF THE 5TH |
|
Windy City ThunderBolts batting - Pitching for Trois-Riveres Aigles : RHP Jaylin Green
|
|
Batting: RHB Josiah Wright
|
0-0: Called Strike 0-1: SINGLE (Groundball, 25, EV 68.1 MPH) (infield hit)
|
|
Pinch Runner at 1st Mario Gomez:
|
|
|
Batting: LHB Matt Hyde
|
0-0: Ball 1-0: Fielders Choice at 2nd, 1-6 (Groundball, 13S, EV 66.3 MPH)
|
|
Batting: LHB Larry Myers
|
0-0: Ball 1-0: Ball Matt Hyde is caught stealing 2nd base 2-6 2-0: Foul Ball, location: 2F 2-1: SINGLE (Line Drive, 9S, EV 86.9 MPH)
|
|
Batting: LHB Herkko Haavikko
|
0-0: Ball 1-0: Ball 2-0: Fly out, F9 (Flyball, 89D, EV 83.1 MPH)
|
| Top of the 5th over - 0 runs, 2 hits, 0 errors, 1 left on base; Windy City 0 - Trois-Riveres 0 |
| BOTTOM OF THE 5TH |
|
Trois-Riveres Aigles batting - Pitching for Windy City ThunderBolts : LHP Marty de la Rosa
|
|
Now at 2B: Mike Rosa
|
|
|
Now at SS: Mario Gomez
|
|
|
Batting: RHB Jason Penfield
|
0-0: Called Strike 0-1: Foul Ball, location: 2F 0-2: Ball 1-2: Fly out, F8 (Flyball, 8RXD, EV 95.6 MPH)
|
|
Batting: RHB Josh Harmon
|
0-0: Ball 1-0: Swinging Strike 1-1: SINGLE (Line Drive, 89M, EV 106.9 MPH)
|
|
Batting: LHB Jonathan Spino
|
0-0: Fly out, F9 (Line Drive, 9, EV 105.6 MPH)
|
|
Batting: LHB Harris Vink
|
0-0: Ball 1-0: Ball 2-0: Foul Ball, location: 2F 2-1: Called Strike 2-2: Strikes out swinging
|
| Bottom of the 5th over - 0 runs, 1 hit, 0 errors, 1 left on base; Windy City 0 - Trois-Riveres 0 |
| TOP OF THE 6TH |
|
Windy City ThunderBolts batting - Pitching for Trois-Riveres Aigles : RHP Jaylin Green
|
|
Batting: RHB Mike Rosa
|
0-0: Called Strike 0-1: Swinging Strike 0-2: Ball 1-2: Fly out, F7 (Line Drive, 7D, EV 86.9 MPH)
|
|
Batting: LHB Justin Stickney
|
0-0: Ball 1-0: Called Strike 1-1: Ball 2-1: Ball 3-1: Called Strike 3-2: Foul Ball, location: 2F 3-2: Foul Ball, location: 2F 3-2: Foul Ball, location: 2F 3-2: Foul Ball, location: 2F 3-2: SINGLE (Groundball, 5D, EV 101.3 MPH)
|
|
Batting: LHB Eddie Reyes
|
0-0: Ball 1-0: Fly out, F7 (Flyball, 7LS, EV 83.1 MPH)
|
|
Batting: RHB Vladmiri Nugaibekov
|
0-0: Ball 1-0: Called Strike 1-1: Ball 2-1: Foul Ball, location: 2F 2-2: Strikes out swinging
|
| Top of the 6th over - 0 runs, 1 hit, 0 errors, 1 left on base; Windy City 0 - Trois-Riveres 0 |
| BOTTOM OF THE 6TH |
|
Trois-Riveres Aigles batting - Pitching for Windy City ThunderBolts : LHP Marty de la Rosa
|
|
Batting: RHB Sesto Carpini
|
0-0: Called Strike 0-1: Ball 1-1: Foul Ball, location: 2F 1-2: Ball 2-2: Ball 3-2: Strikes out swinging
|
|
Batting: LHB Darryl Gonnella
|
0-0: SINGLE (Groundball, 6MS, EV 64.4 MPH) (infield hit)
|
|
Batting: RHB Jose Arriola
|
0-0: Ball Darryl Gonnella steals 2nd base 1-0: Foul Ball, location: 2F 1-1: Ball 2-1: Foul Ball, location: 2F 2-2: Strikes out swinging
|
|
Batting: SHB Joshua Jackson
|
0-0: Ball 1-0: Ball 2-0: Ball 3-0: Called Strike 3-1: Called Strike 3-2: Base on Balls
|
|
Batting: RHB Nelle Lommen
|
0-0: Ball 1-0: Called Strike 1-1: Fly out, F3 (Popup, 3F, EV 68.8 MPH)
|
| Bottom of the 6th over - 0 runs, 1 hit, 0 errors, 2 left on base; Windy City 0 - Trois-Riveres 0 |
| TOP OF THE 7TH |
|
Windy City ThunderBolts batting - Pitching for Trois-Riveres Aigles : RHP Jaylin Green
|
|
Batting: SHB Alfie Bungledorf
|
0-0: Ball 1-0: Ball 2-0: Fly out, F7 (Line Drive, 7D, EV 91.9 MPH)
|
|
Batting: RHB Mario Gomez
|
0-0: Called Strike 0-1: Ball 1-1: Called Strike 1-2: Ball 2-2: Ball 3-2: Fly out, F4 (Popup, 13, EV 88.8 MPH)
|
|
Batting: LHB Matt Hyde
|
0-0: Ball 1-0: Ball 2-0: Ball 3-0: Called Strike 3-1: Base on Balls
|
|
Batting: LHB Larry Myers
|
0-0: Ball 1-0: Called Strike 1-1: Foul Ball, location: 2F 1-2: Ball 2-2: Fly out, F8 (Flyball, 8LXD, EV 92.5 MPH)
|
| Top of the 7th over - 0 runs, 0 hits, 0 errors, 1 left on base; Windy City 0 - Trois-Riveres 0 |
| BOTTOM OF THE 7TH |
|
Trois-Riveres Aigles batting - Pitching for Windy City ThunderBolts : LHP Marty de la Rosa
|
|
Batting: RHB Jason Penfield
|
0-0: Called Strike 0-1: Swinging Strike 0-2: Ball 1-2: Ball 2-2: Ball 3-2: Foul Ball, location: 2F 3-2: Strikes out looking
|
|
Batting: RHB Josh Harmon
|
0-0: Called Strike 0-1: Swinging Strike 0-2: Strikes out swinging
|
|
Batting: LHB Jonathan Spino
|
0-0: Ball 1-0: Called Strike 1-1: Ball 2-1: Swinging Strike 2-2: Strikes out looking
|
| Bottom of the 7th over - 0 runs, 0 hits, 0 errors, 0 left on base; Windy City 0 - Trois-Riveres 0 |
| TOP OF THE 8TH |
|
Windy City ThunderBolts batting - Pitching for Trois-Riveres Aigles : RHP Jaylin Green
|
|
Pitching: LHP Dean Byrne
|
|
|
Pinch Hitting: RHB Adan Lake
|
0-0: Swinging Strike 0-1: Ball 1-1: Ball 2-1: Foul Ball, location: 2F 2-2: SOLO HOME RUN (Flyball, 78XD, EV 109.4 MPH), Distance : 442 ft
|
|
Pitching: RHP Josh O'Neal
|
|
|
Batting: RHB Mike Rosa
|
0-0: Foul Ball, location: 2F 0-1: Ball 1-1: Called Strike 1-2: Ball 2-2: Ball 3-2: Strikes out looking
|
|
Batting: LHB Justin Stickney
|
0-0: Ball 1-0: Fly out, F9 (Flyball, 9LS, EV 82.5 MPH)
|
|
Batting: LHB Eddie Reyes
|
0-0: Ball 1-0: Foul Ball, location: 2F 1-1: Foul Ball, location: 2F 1-2: Foul Ball, location: 2F 1-2: Foul Ball, location: 2F 1-2: Ball 2-2: Foul Ball, location: 2F 2-2: Ball 3-2: Base on Balls
|
|
Batting: RHB Vladmiri Nugaibekov
|
0-0: Ball Eddie Reyes steals 2nd base (no throw) 1-0: Ball 2-0: Ball 3-0: Base on Balls
|
|
Batting: SHB Alfie Bungledorf
|
0-0: Ground out 1-3 (Groundball, 13S, EV 65.6 MPH)
|
| Top of the 8th over - 1 run, 1 hit, 0 errors, 2 left on base; Windy City 1 - Trois-Riveres 0 |
| BOTTOM OF THE 8TH |
|
Trois-Riveres Aigles batting - Pitching for Windy City ThunderBolts : LHP Marty de la Rosa
|
|
Now at 3B: Alfie Bungledorf
|
|
|
Now in LF: Armando Vazquez
|
|
|
Now in RF: Adam Tarbutton
|
|
|
Pinch Hitting: RHB T.J. Spina
|
0-0: Ball 1-0: Foul Ball, location: 2F 1-1: Called Strike 1-2: Foul Ball, location: 2F 1-2: Strikes out swinging
|
|
Batting: RHB Sesto Carpini
|
0-0: Ball 1-0: Ground out 6-3 (Groundball, 56D, EV 86.3 MPH)
|
|
Batting: LHB Darryl Gonnella
|
0-0: Ball 1-0: Ball 2-0: Called Strike 2-1: Ball 3-1: DOUBLE (Line Drive, 9LS, EV 104.4 MPH)
|
|
Batting: RHB Jose Arriola
|
0-0: Ball Wild Pitch! Darryl Gonnella to third 1-0: Fly out, F8 (Flyball, 89XD, EV 103.8 MPH)
|
| Bottom of the 8th over - 0 runs, 1 hit, 0 errors, 1 left on base; Windy City 1 - Trois-Riveres 0 |
| TOP OF THE 9TH |
|
Windy City ThunderBolts batting - Pitching for Trois-Riveres Aigles : RHP Josh O'Neal
|
|
Pitching: LHP Tim Pulliam
|
|
|
Now in RF: Oscar Curiel
|
|
|
Batting: RHB Mario Gomez
|
0-0: Foul Ball, location: 2F 0-1: Ball 1-1: Swinging Strike 1-2: Ball 2-2: Strikes out swinging
|
|
Batting: LHB Matt Hyde
|
0-0: Called Strike 0-1: Ball 1-1: Fly out, F8 (Flyball, 8RD, EV 79.4 MPH)
|
|
Batting: LHB Larry Myers
|
0-0: Ball 1-0: Ball 2-0: Ball 3-0: Base on Balls
|
|
Batting: LHB Adam Tarbutton
|
0-0: Swinging Strike 0-1: Ball 1-1: Ball 2-1: Foul Ball, location: 2F 2-2: Ball 3-2: SINGLE (Groundball, 34D, EV 108.8 MPH) Larry Myers to second Larry Myers to third
|
|
Batting: RHB Mike Rosa
|
0-0: Ball 1-0: Ground out U3 (Groundball, 3, EV 86.3 MPH)
|
| Top of the 9th over - 0 runs, 1 hit, 0 errors, 2 left on base; Windy City 1 - Trois-Riveres 0 |
| BOTTOM OF THE 9TH |
|
Trois-Riveres Aigles batting - Pitching for Windy City ThunderBolts : LHP Marty de la Rosa
|
|
Pitching: RHP Matt Christensen
|
|
|
Batting: SHB Joshua Jackson
|
0-0: Foul Ball, location: 2F 0-1: Ball 1-1: Swinging Strike 1-2: Foul Ball, location: 2F 1-2: Strikes out swinging
|
|
Pinch Hitting: SHB Ray Luna
|
0-0: Called Strike 0-1: Ball 1-1: Swinging Strike 1-2: Strikes out swinging
|
|
Pinch Hitting: RHB Dave Galloway
|
0-0: Ball 1-0: Ground out 5-3 (Groundball, 5, EV 86.3 MPH)
|
| Bottom of the 9th over - 0 runs, 0 hits, 0 errors, 0 left on base; Windy City 1 - Trois-Riveres 0 |
|